 Dungeon Crawl Stone Soup version 0.24-a0-433-gbe6fa4f6cc (webtiles) character file.

Game seed: 5135841681894581245

662 emperorscorpion the Chopper (level 7, 0/96 HPs)
             Began as a Minotaur Berserker on June 14, 2019.
             Was a Believer of Trog.
             Killed by divine providence
             ... invoked by an orc priest
              (12 damage)
             ... on level 8 of the Dungeon.
             The game lasted 00:06:36 (582 turns).

emperorscorpion the Chopper (Minotaur Berserker)     Turns: 582, Time: 00:06:37

Health: 0/96       AC: 23    Str: 23    XL:     7   Next: 30%
Magic:  6/6        EV:  2    Int:  4    God:    Trog [**....]
Gold:   93         SH:  0    Dex: 15    Spells: 6/6 levels left

rFire    . . .     SeeInvis .   a - +0 executioner's axe
rCold    . . .     Gourm    .   (shield currently unavailable)
rNeg     + + +     Faith    .   (armour currently unavailable)
rPois    +         Spirit   .   (helmet currently unavailable)
rElec    .         Reflect  .   (cloak currently unavailable)
rCorr    .         Harm     .   (gloves currently unavailable)
MR       ++...     NoTele   +   (boots currently unavailable)
Stlth    ++++......             (no amulet)
HPRegen  1.26/turn              e - ring of stealth
MPRegen  0.10/turn              (no ring)

@: agile, tree-form, berserk cooldown, regenerating
A: (retaliatory headbutt)
a: Berserk, Trog's Hand, Renounce Religion


You were on level 8 of the Dungeon.
You worshipped Trog.
Trog was pleased with you.
You were very hungry.
You were a tree.
You visited 1 branch of the dungeon, and saw 8 of its levels.

You collected 93 gold pieces.

Inventory:

Hand Weapons
 a - a +0 executioner's axe (weapon)
 i - a +1 flail of venom
 j - a +0 hand axe
 k - a -1 war axe
Missiles
 m - 2 boomerangs (quivered)
Armour
 b - a +0 animal skin
 l - a +0 chain mail (melded)
Jewellery
 e - a ring of stealth (left branch)
Scrolls
 d - a scroll of fog
 g - 3 scrolls of identify
Potions
 h - a potion of lignification
 o - a potion of flight
Comestibles
 c - 3 rations
 f - 4 chunks of flesh


   Skills:
 + Level 6.4 Fighting
 + Level 7.1 Axes
 + Level 3.4 Armour
 + Level 4.0 Dodging
 + Level 1.6 Stealth


You had 6 spell levels left.
You didn't know any spells.
Your spell library was empty.

Dungeon Overview and Level Annotations

Branches:
Dungeon (8/15)             Temple (0/1) D:4
   Lair: D:8-11

Altars:


Innate Abilities, Weirdness & Mutations

((You reflexively headbutt those who attack you in melee.))
((You have a pair of horns on your head.))


Message History

You barely miss the orc warrior.
The orc warrior is severely wounded.
You slash the orc!
You kill the orc!
Trog accepts your kill.
The orc priest hits you but does no damage.
The orc warrior hits you but does no damage.
The orc priest completely misses you.
The orc warrior hits you but does no damage.
The orc priest hits you but does no damage.
Unknown command.
You hit the orc warrior.
The orc warrior is severely wounded.
You feel yourself speed up.
You feel the effects of Trog's Hand fading.
The orc warrior hits you with a +0 dire flail.
* * * LOW HITPOINT WARNING * * *
The orc priest mumbles some strange prayers to Beogh against you.
Beogh smites you!
You die...

## ##.#... ....
..##.....##....
.$.:.......#...
................
................
#...................
##...................
.......♣##.#............
####..(o...##...........
##.o................. ..##
..####.....###...........
..(.
#..##.......#............
.....#..###.................#
.....#.....................#
........##...............#.
........#####...#......(.###
#


You could see an orc warrior and an orc priest.

Vanquished Creatures
  A hippogriff (D:8)
  An ice beast (D:8)
  An eye of draining (D:8)
  An ogre (D:4)
  A crimson imp (D:8)
  An orc priest (D:7)
  An orc wizard (D:7)
  A worker ant (D:7)
  4 gnolls (D:2)
  2 adders
  4 orcs
  A ball python (D:2)
  3 giant cockroaches
  6 goblins
  2 hobgoblins
  A quokka (D:2)
  2 bats
  A frilled lizard (D:1)
  5 kobolds
  4 rats
43 creatures vanquished.

Vanquished Creatures (others)
  A bush (D:8)
  A fungus (D:8)
  3 plants (D:8)
5 creatures vanquished.

Grand Total: 48 creatures vanquished

Notes
Turn   | Place    | Note
-------+----------+-------------------------------------------
     0 | D:1      | emperorscorpion the Minotaur Berserker began the quest for
                  | the Orb.
     0 | D:1      | Reached XP level 1. HP: 19/19 MP: 0/0
    20 | D:1      | Reached XP level 2. HP: 27/27 MP: 1/1
    22 | D:1      | Reached skill level 4 in Axes
   171 | D:2      | Reached XP level 3. HP: 33/33 MP: 2/2
   225 | D:2      | Reached ** piety under Trog
   225 | D:2      | Reached XP level 4. HP: 41/41 MP: 3/3
   315 | D:4      | Found a staircase to the Ecumenical Temple.
   317 | D:4      | Noticed an ogre
   328 | D:4      | Killed an ogre
   328 | D:4      | Reached skill level 5 in Fighting
   328 | D:4      | Reached skill level 5 in Axes
   328 | D:4      | Reached XP level 5. HP: 30/48 MP: 4/4
   343 | D:5      | Entered Level 5 of the Dungeon
   475 | D:8      | Noticed an eye of draining
   475 | D:8      | Noticed a hippogriff
   490 | D:8      | Killed a hippogriff
   490 | D:8      | Reached skill level 6 in Axes
   490 | D:8      | Reached skill level 1 in Stealth
   490 | D:8      | Reached XP level 6. HP: 26/57 MP: 0/5
   499 | D:8      | Reached XP level 7. HP: 19/63 MP: 1/6
   558 | D:8      | Reached skill level 7 in Axes
   582 | D:8      | Killed from afar by an orc priest

Levels and vault maps discovered:
D:1:      dpeg_arrival_short_road, layout_basic, hex_medium
D:2:      layout_loops_ring, uniq_jessica
D:3:      layout_basic, serial_bayou_ford_a, serial_bayou_pond_c,
          serial_bayou_pond_d, uniq_sigmund
D:4:      layout_loops_ring, minmay_temple_entry_statues_fountains,
          serial_shops, kennysheep_mini
D:5:      layout_loops_ring, first_ration, nicolae_sextant
D:6:      layout_loops_ring, chequers_temple_overflow_minitemple,
          gup_sewer_entry_bubbles
D:7:      layout_rooms
D:8:      layout_cave_pools, gammafunk_temple_overflow_wave,
          minmay_lair_entry_grove, enter_bailey_8

Skill      XL: |  1  2  3  4  5  6  7 |
---------------+----------------------+-----
Axes           | 4 5 6 7 |  7.1
Fighting       | 4 5 6 |  6.4
Armour         | 3 |  3.4
Dodging        | 3 4 |  4.0
Stealth        | 1 |  1.6

Action                   |  1- 3 |  4- 6 |  7- 9 || total
-------------------------+-------+-------+-------++-------
Melee: Hand axe          |    26 |    18 |       ||    44
       Headbutt          |     6 |     8 |       ||    14
       War axe           |       |    13 |     8 ||    21
       Executioner's axe |       |       |     6 ||     6
Invok: Berserk           |     3 |     3 |     1 ||     7
       Trog's Hand       |       |       |     1 ||     1
  Use: Scroll            |       |     2 |     2 ||     4
       Potion            |       |       |     3 ||     3
 Stab: Sleeping          |       |     1 |       ||     1
  Eat: Chunk             |       |     3 |     1 ||     4
Armor: Animal skin       |     3 |     3 |       ||     6
       Chain mail        |       |     8 |     4 ||    12
       Skin              |       |       |    15 ||    15
Dodge: Dodged            |    12 |    18 |     3 ||    33

Table legend:
 A = Non-vault XP
 B = Vault XP
 C = Vault XP percentage of total XP
 D = Non-vault monster count
 E = Vault monster count
 F = Vault count percentage of total count
                 A         B        C        D         E       F
            +---------+---------+-------+---------+---------+-------
      Total |     947 |       0 |   0.0 |      43 |       0 |   0.0
            +---------+---------+-------+---------+---------+-------
        D:1 |      14 |       0 |   0.0 |       9 |       0 |   0.0
        D:2 |      90 |       0 |   0.0 |      17 |       0 |   0.0
        D:3 |       5 |       0 |   0.0 |       4 |       0 |   0.0
        D:4 |     121 |       0 |   0.0 |       1 |       0 |   0.0
        D:7 |     123 |       0 |   0.0 |       5 |       0 |   0.0
        D:8 |     594 |       0 |   0.0 |       7 |       0 |   0.0
            +---------+---------+-------+---------+---------+-------
